Map: Lerilak Crest

Players

MorN - Winner!

  • Race: Terran Terran
  • League: Master

MxGLasender

  • Race: Terran Terran
  • League: Diamond

VOD

Have the link to the VOD?

Description

Time

  • Played on: Nov. 21, 2015, 9:31 p.m.
  • Length: 10:24
Show
View Real Time Build Order
Export as new Build Order

MorN Terran - Winner!

Build Orders: MMM Bio 

Get SALT Encoding   

  12  0:00  SCV  
  13  0:12  SCV  
  14  0:18  Supply Depot  
  14  0:25  SCV  
  15  0:30  Refinery  
  15  0:39  SCV  
  16  0:45  Barracks  
  16  0:52  SCV  
  17  1:04  SCV  
  18  1:16  SCV  
  19  1:32  Marine  
  19  1:33  Orbital Command  
  20  1:48  Command Center  
  20  1:59  Factory  
  20  2:03  SCV  
  20  2:07  Marine  
  22  2:13  Supply Depot  
  22  2:16  SCV  
  23  2:31  Marine  
  23  2:35  SCV  
  24  2:46  Starport  
  24  2:47  Widow Mine  
  24  2:49  SCV  
  26  2:52  Marine  
  27  3:00  Orbital Command  
  27  3:01  SCV  
  28  3:10  Refinery  
  28  3:11  Marine  
  29  3:13  SCV  
  29  3:16  Hellion  
  32  3:25  SCV x2  
  34  3:28  Medivac  
  34  3:31  Marine  
  37  3:37  SCV  
  37  3:38  SCV, Hellion  
  41  3:41  Supply Depot  
  41  3:42  Engineering Bay  
  41  3:49  SCV, Marine  
  43  4:08  Factory Reactor  
  43  4:10  Viking  
  43  4:11  SCV  
  43  4:12  SCV  
  43  4:13  Missile Turret  
  43  4:17  Missile Turret  
  47  4:18  Barracks Tech Lab  
  47  4:23  SCV  
  45  4:35  SCV  
  45  4:37  Marine  
  45  4:38  Stimpack  
  47  4:45  SCV  
  47  4:52  Command Center, Hellion x2, Starport Reactor  
  51  4:53  SCV  
  51  4:59  SCV  
  53  5:00  Barracks  
  53  5:01  Barracks  
  53  5:16  SCV  
  53  5:19  Terran Infantry Weapons Level 1  
  54  5:21  Barracks  
  54  5:22  Refinery  
  54  5:23  Refinery, Barracks  
  54  5:25  Supply Depot  
  54  5:37  Supply Depot  
  54  5:39  Factory Tech Lab  
  54  5:42  Starport Reactor  
  54  5:46  SCV x2  
  56  5:58  SCV  
  56  6:01  Marauder  
  57  6:04  SCV  
  57  6:06  Supply Depot  
  57  6:09  Orbital Command  
  57  6:10  SCV  
  58  6:12  Engineering Bay  
  58  6:13  Armory  
  58  6:16  SCV  
  58  6:17  Supply Depot, Barracks Reactor x2  
  59  6:19  Siege Tank  
  59  6:22  SCV  
  63  6:26  Medivac x2  
  63  6:28  SCV  
  63  6:30  Orbital Command  
  68  6:35  SCV  
  69  6:40  SCV  
  69  6:45  Marine  
  69  6:46  Combat Shields, Marine x2  
  73  6:47  SCV  
  73  6:53  SCV  
  75  6:56  Marine x5  
  75  6:57  Marine  
  75  7:00  SCV  
  82  7:01  Supply Depot, Terran Infantry Armor Level 1  
  82  7:03  Marine x2, Terran Vehicle Weapons Level 1  
  82  7:05  Sensor Tower  
  82  7:06  Marine  
  86  7:08  SCV  
  86  7:09  SCV  
  86  7:12  SCV  
  86  7:14  Marine x3  
  91  7:19  Marine  
  91  7:20  Marine x2  
  91  7:22  SCV x2  
  96  7:28  Marine  
  96  7:29  Marine x2  
  99  7:30  SCV  
  99  7:33  Supply Depot  
  99  7:35  Supply Depot, Terran Infantry Weapons Level 2  
  100  7:37  SCV  
  100  7:40  SCV  
  100  7:44  Siege Tank  
  105  7:47  SCV  
  105  7:49  SCV, Refinery  
  105  7:51  Refinery  
  107  7:54  Marine x4  
  107  7:55  Marine x3  
  107  7:57  SCV  
  115  8:01  Supply Depot  
  115  8:15  Marine x2  
  115  8:16  Marine  
  115  8:17  Marauder  
  120  8:20  Marine x2  
  120  8:22  Marine x3  
  125  8:29  SCV  
  125  8:32  Supply Depot x2  
  125  8:33  Marine x2  
  128  8:34  Marine, Medivac x2  
  128  8:39  Supply Depot  
  128  8:40  Supply Depot x2  
  133  8:48  Marine, Siege Tank, Marauder  
  112  8:56  Marine x3  
  112  8:57  Marine x2  
  115  9:04  SCV x2  
  115  9:05  Barracks  
  115  9:07  Barracks x2  
  115  9:09  Marine, Marauder  
  119  9:10  Marine  
  119  9:15  Marine x2  
  119  9:16  Marine x3  
  126  9:20  Siege Tank  
  129  9:27  Marine x2  
  129  9:28  Marine  
  129  9:30  Marauder  
  134  9:33  Marine x2  
  134  9:34  SCV  
  134  9:36  Supply Depot  
  137  9:45  Marine x3  
  137  9:46  Medivac  
  137  9:49  Supply Depot  
  137  9:51  Command Center  
  137  9:52  Marine, Marauder  
  144  9:53  Marine  
  150  10:14  Barracks Reactor  
  150  10:15  Barracks Reactor x2  
Show
View Real Time Build Order
Export as new Build Order

MxGLasender Terran 

Build Orders:  

Get SALT Encoding   

  12  0:00  SCV  
  13  0:14  Supply Depot  
  13  0:17  SCV  
  14  0:29  SCV  
  15  0:37  Barracks  
  15  0:42  SCV  
  16  0:45  Refinery  
  16  0:54  SCV  
  17  1:00  Supply Depot  
  17  1:06  SCV  
  18  1:23  Orbital Command  
  18  1:28  Reaper  
  19  1:35  Supply Depot  
  19  1:49  SCV  
  20  2:01  SCV  
  21  2:05  Command Center, Marine  
  22  2:13  SCV  
  23  2:18  Factory  
  23  2:31  SCV  
  23  2:37  Barracks Reactor  
  23  2:45  SCV  
  24  2:57  SCV  
  25  2:58  Command Center  
  25  3:03  Factory Tech Lab  
  25  3:09  SCV  
  25  3:10  Refinery  
  26  3:15  Marine x2  
  26  3:17  Orbital Command  
  28  3:21  Bunker  
  28  3:23  SCV  
  29  3:28  Siege Tank  
  29  3:32  Marine  
  33  3:35  SCV, Marine  
  35  3:44  Engineering Bay  
  35  3:45  SCV  
  36  3:52  Marine  
  36  3:53  Marine  
  38  4:00  Siege Tank  
  41  4:03  SCV x2  
  43  4:10  Orbital Command  
  43  4:14  Missile Turret  
  43  4:18  SCV  
  43  4:19  Missile Turret  
  43  4:20  SCV  
  36  4:37  Terran Infantry Weapons Level 1  
  36  4:38  Marine x2  
  36  4:40  Siege Tank  
  41  4:47  SCV  
  41  4:48  SCV x2  
  44  4:58  Barracks  
  44  4:59  SCV  
  44  5:00  SCV  
  44  5:02  SCV  
  44  5:06  Marine x2  
  48  5:12  SCV x2  
  48  5:16  SCV  
  48  5:17  Siege Tank  
  52  5:24  SCV x2  
  52  5:27  Barracks  
  53  5:28  SCV  
  53  5:30  Barracks  
  53  5:35  Missile Turret, Marine x2  
  54  5:42  SCV x3  
  58  5:46  Marine  
  58  5:47  Supply Depot  
  56  6:03  SCV  
  56  6:04  SCV x2  
  59  6:05  Marine x2  
  59  6:07  Barracks Tech Lab  
  59  6:10  Starport  
  61  6:16  SCV x3  
  64  6:24  Marine x2  
  64  6:25  Barracks Reactor, Barracks Tech Lab  
  66  6:26  Marine  
  66  6:27  Stimpack  
  66  6:30  SCV x2  
  66  6:32  Terran Infantry Armor Level 1  
  70  6:33  Refinery x2  
  70  6:34  Orbital Command  
  70  6:37  Siege Tank  
  73  6:42  SCV  
  73  6:43  SCV  
  73  6:48  Marauder x2  
  77  6:54  Starport Reactor  
  77  7:09  Supply Depot x2  
  77  7:12  Supply Depot  
  77  7:22  Armory  
  77  7:23  Engineering Bay  
  77  7:27  Factory  
  77  7:30  Marine x6  
  77  7:31  SCV x3, Medivac  
  77  7:32  Medivac  
  90  7:43  SCV x3, Siege Tank  
  96  7:55  SCV x3, Refinery  
  96  7:56  Sensor Tower  
  96  7:57  Marine x2  
  101  8:03  Supply Depot  
  101  8:10  Refinery  
  101  8:24  Marine  
  101  8:25  SCV x3  
  101  8:37  Marine  
  101  8:38  Marine  
  83  8:56  Marine  
  83  8:57  Marine x2  
  80  9:04  SCV x3  
  80  9:07  Factory Tech Lab, Siege Tank  
  86  9:12  Medivac x2  
  86  9:16  SCV x2  
  86  9:17  SCV, Marauder x2, Marine x3  
  93  9:18  Marine  
  93  9:23  Barracks  
  101  9:24  Barracks  
  101  9:27  Barracks  
  101  9:28  SCV  
  101  9:29  Barracks  
  101  9:30  Barracks  
  102  9:39  Marine x4  
  102  9:40  Marauder  
  102  9:42  SCV  
  109  10:07  SCV x2  
Tags
 
Composition
MMM Bio
Matchup
TvT
Race
Terran
Replay Pack
MorN pack 2
Add a new tag
Caveats
  • Supply blocks, unpowered buildings, or Contaminate may cause inaccurate times.
  • Supply counts are checked every 10 seconds.